TOP OF THE 1ST |
District 9 Prawns batting - Pitching for Mile High Broncos : RHP Bob Smith
|
Pitching: RHP Bob Smith
|
|
Batting: RHB Enrique Aguilar
|
0-0: Ball 1-0: Foul Ball, location: 2F 1-1: Called Strike 1-2: Foul Ball, location: 2F 1-2: Ground out 5-3 (Groundball, 5)
|
Batting: RHB Alfredo Cortéz
|
0-0: Ball 1-0: Called Strike 1-1: Ground out 1-3 (Groundball, 15)
|
Batting: LHB Terry White
|
0-0: Called Strike 0-1: Foul Ball, location: 2F 0-2: SINGLE (Line Drive, 34D)
|
Batting: LHB Ryan Hensley
|
0-0: Called Strike 0-1: Ball 1-1: Called Strike 1-2: Strikes out swinging
|
Top of the 1st over - 0 run(s), 1 hit(s), 0 error(s), 1 left on base; District 9 0 - Mile High 0 |
BOTTOM OF THE 1ST |
Mile High Broncos batting - Pitching for District 9 Prawns : RHP Wilson Flores
|
Pitching: RHP Wilson Flores
|
|
Batting: LHB Doyle Otterburn
|
0-0: Ball 1-0: Ball 2-0: Ball 3-0: Base on Balls
|
Batting: LHB Tony Báez
|
0-0: Ball 1-0: Called Strike 1-1: Ball 2-1: Ball 3-1: Foul Ball, location: 2F 3-2: Fly out, F7 (Flyball, 7LDF)
|
Batting: RHB José Herrera
|
0-0: Called Strike 0-1: Called Strike 0-2: Strikes out swinging
|
Batting: RHB Juan Jose Guevana
|
Pickoff Throw to First - Out!
|
Bottom of the 1st over - 0 run(s), 0 hit(s), 0 error(s), 0 left on base; District 9 0 - Mile High 0 |
TOP OF THE 2ND |
District 9 Prawns batting - Pitching for Mile High Broncos : RHP Bob Smith
|
Batting: LHB José Flores
|
0-0: Ball 1-0: Swinging Strike 1-1: Ground out 6-3 (Groundball, 6M)
|
Batting: RHB Jonah Duncan
|
0-0: Called Strike 0-1: Swinging Strike 0-2: Ball 1-2: Ball 2-2: Ball 3-2: Base on Balls
|
Batting: LHB Brian Roy
|
0-0: Foul Ball, location: 2F 0-1: Ball 1-1: Foul Ball, location: 2F 1-2: Grounds into double play, 4-6-3 (Groundball, 4)
|
Top of the 2nd over - 0 run(s), 0 hit(s), 0 error(s), 0 left on base; District 9 0 - Mile High 0 |
BOTTOM OF THE 2ND |
Mile High Broncos batting - Pitching for District 9 Prawns : RHP Wilson Flores
|
Batting: RHB Juan Jose Guevana
|
0-0: Ball 1-0: Ground out 4-3 (Groundball, 4)
|
Batting: LHB Bill Houston
|
0-0: Called Strike 0-1: Ball 1-1: Foul Ball, location: 2F 1-2: Strikes out swinging
|
Batting: SHB Tom Stevens
|
0-0: Called Strike 0-1: Ground out 3-1 (Groundball, 34)
|
Bottom of the 2nd over - 0 run(s), 0 hit(s), 0 error(s), 0 left on base; District 9 0 - Mile High 0 |
TOP OF THE 3RD |
District 9 Prawns batting - Pitching for Mile High Broncos : RHP Bob Smith
|
Batting: SHB Mark Pope
|
0-0: Ball 1-0: Foul Ball, location: 2F 1-1: Ball 2-1: Foul Ball, location: 2F 2-2: Ball 3-2: Fly out, F9 (Flyball, 9M)
|
Batting: RHB Phil Jacobs
|
0-0: Bunt missed! 0-1: Ball 1-1: Swinging Strike 1-2: Foul Ball, location: 2F 1-2: Strikes out swinging
|
Batting: RHB Enrique Aguilar
|
0-0: Ball 1-0: Ball 2-0: Foul Ball, location: 2F 2-1: Ball 3-1: Swinging Strike 3-2: Base on Balls
|
Batting: RHB Alfredo Cortéz
|
0-0: Ball 1-0: Ball 2-0: Ground out 2-3 (Groundball, 2L)
|
Top of the 3rd over - 0 run(s), 0 hit(s), 0 error(s), 1 left on base; District 9 0 - Mile High 0 |
BOTTOM OF THE 3RD |
Mile High Broncos batting - Pitching for District 9 Prawns : RHP Wilson Flores
|
Batting: RHB Edward Williams
|
0-0: Ball 1-0: Ground out 5-3 (Groundball, 56S)
|
Batting: RHB Juan Gonzáles
|
0-0: Ball 1-0: Foul Ball, location: 2F 1-1: Swinging Strike 1-2: Strikes out swinging
|
Batting: RHB Francisco Medina
|
0-0: SINGLE (Groundball, 6D)
|
Batting: LHB Doyle Otterburn
|
0-0: Called Strike 0-1: Swinging Strike 0-2: Foul Ball, location: 2F 0-2: Ground out U3 (Groundball, 3L)
|
Bottom of the 3rd over - 0 run(s), 1 hit(s), 0 error(s), 1 left on base; District 9 0 - Mile High 0 |
TOP OF THE 4TH |
District 9 Prawns batting - Pitching for Mile High Broncos : RHP Bob Smith
|
Batting: LHB Terry White
|
0-0: SINGLE (Line Drive, 6MD)
|
Batting: LHB Ryan Hensley
|
0-0: Ball 1-0: Called Strike 1-1: Foul Ball, location: 2F 1-2: Ball Wild Pitch! Terry White to second 2-2: 2-RUN HOME RUN (Line Drive, 89XD), Distance : 418 ft
|
Batting: LHB José Flores
|
0-0: Ball 1-0: SINGLE (Groundball, 34)
|
Batting: RHB Jonah Duncan
|
0-0: Ball 1-0: Called Strike 1-1: Ball 2-1: 2-RUN HOME RUN (Line Drive, 7D), Distance : 362 ft
|
Batting: LHB Brian Roy
|
0-0: Swinging Strike 0-1: Fly out, F8 (Flyball, 8RXD)
|
Batting: SHB Mark Pope
|
0-0: SINGLE (Line Drive, 89S)
|
Batting: RHB Phil Jacobs
|
0-0: Ball 1-0: Ball 2-0: Grounds into double play, 6-4-3 (Groundball, 6)
|
Top of the 4th over - 4 run(s), 5 hit(s), 0 error(s), 0 left on base; District 9 4 - Mile High 0 |
BOTTOM OF THE 4TH |
Mile High Broncos batting - Pitching for District 9 Prawns : RHP Wilson Flores
|
Batting: LHB Tony Báez
|
0-0: Ball 1-0: Called Strike 1-1: Foul Ball, location: 2F 1-2: Ground out 4-3 (Groundball, 4)
|
Batting: RHB José Herrera
|
0-0: Called Strike 0-1: Foul Ball, location: 2F 0-2: Ground out 4-3 (Groundball, 4)
|
Batting: RHB Juan Jose Guevana
|
0-0: Ball 1-0: Ball 2-0: Ball 3-0: Base on Balls
|
Batting: LHB Bill Houston
|
0-0: Ball 1-0: Fly out, F8 (Flyball, 8LXD)
|
Bottom of the 4th over - 0 run(s), 0 hit(s), 0 error(s), 1 left on base; District 9 4 - Mile High 0 |
TOP OF THE 5TH |
District 9 Prawns batting - Pitching for Mile High Broncos : RHP Bob Smith
|
Batting: RHB Enrique Aguilar
|
0-0: SINGLE (Groundball, 56D)
|
Batting: RHB Alfredo Cortéz
|
0-0: Ball 1-0: Grounds into double play, 4-6-3 (Groundball, 4)
|
Batting: LHB Terry White
|
0-0: Ball 1-0: Ball 2-0: Called Strike 2-1: Ball 3-1: Swinging Strike 3-2: Base on Balls
|
Batting: LHB Ryan Hensley
|
0-0: Foul Ball, location: 2F 0-1: Swinging Strike 0-2: Ball 1-2: Ball 2-2: Ball 3-2: 2-RUN HOME RUN (Flyball, 9LD), Distance : 373 ft
|
Batting: LHB José Flores
|
0-0: Foul Ball, location: 2F 0-1: Ground out 4-3 (Groundball, 4)
|
Top of the 5th over - 2 run(s), 2 hit(s), 0 error(s), 0 left on base; District 9 6 - Mile High 0 |
BOTTOM OF THE 5TH |
Mile High Broncos batting - Pitching for District 9 Prawns : RHP Wilson Flores
|
Batting: SHB Tom Stevens
|
0-0: Ball 1-0: Ball 2-0: Called Strike 2-1: Ground out 5-3 (Groundball, 5L)
|
Batting: RHB Edward Williams
|
0-0: Foul Ball, location: 2F 0-1: Ground out 6-3 (Groundball, 6)
|
Batting: RHB Juan Gonzáles
|
0-0: Called Strike 0-1: Called Strike 0-2: Foul Ball, location: 2F 0-2: Ball 1-2: Strikes out swinging
|
Bottom of the 5th over - 0 run(s), 0 hit(s), 0 error(s), 0 left on base; District 9 6 - Mile High 0 |
TOP OF THE 6TH |
District 9 Prawns batting - Pitching for Mile High Broncos : RHP Bob Smith
|
Batting: RHB Jonah Duncan
|
0-0: Ball 1-0: Ball 2-0: Ball 3-0: Called Strike 3-1: Base on Balls
|
Pitching: RHP Thomas Young
|
|
Batting: LHB Brian Roy
|
0-0: Called Strike 0-1: Ball 1-1: Foul Ball, location: 2F 1-2: SINGLE (Line Drive, 8LS) Jonah Duncan to second
|
Batting: SHB Mark Pope
|
0-0: Foul Ball, location: 2F 0-1: Fly out, F5 (Popup, 5)
|
Batting: RHB Phil Jacobs
|
0-0: Called Strike 0-1: Ball 1-1: Ball 2-1: Foul Ball, location: 2F Balk! Jonah Duncan to third Brian Roy to second 2-2: Ball 3-2: Base on Balls
|
Batting: RHB Enrique Aguilar
|
0-0: Called Strike 0-1: Ball 1-1: Ball 2-1: Fly out, F7 (Flyball, 7LD) Runner from 3rd tags up, SCORES, no throw
|
Batting: RHB Alfredo Cortéz
|
0-0: Ball 1-0: Ball 2-0: Fly out, F6 (Popup, 6D)
|
Top of the 6th over - 1 run(s), 1 hit(s), 0 error(s), 2 left on base; District 9 7 - Mile High 0 |
BOTTOM OF THE 6TH |
Mile High Broncos batting - Pitching for District 9 Prawns : RHP Wilson Flores
|
Batting: RHB Francisco Medina
|
0-0: Ball 1-0: Ball 2-0: Ball 3-0: Called Strike 3-1: Foul Ball, location: 2F 3-2: Ground out 5-3 (Groundball, 5S)
|
Batting: LHB Doyle Otterburn
|
0-0: Ball 1-0: Called Strike 1-1: Ball 2-1: Foul Ball, location: 2F 2-2: Foul Ball, location: 2F 2-2: Foul Ball, location: 2F 2-2: Ball 3-2: Foul Ball, location: 2F 3-2: Fly out, F7 (Popup, 6D)
|
Batting: LHB Tony Báez
|
0-0: Fly out, F7 (Flyball, 7LMF)
|
Bottom of the 6th over - 0 run(s), 0 hit(s), 0 error(s), 0 left on base; District 9 7 - Mile High 0 |
TOP OF THE 7TH |
District 9 Prawns batting - Pitching for Mile High Broncos : RHP Thomas Young
|
Batting: LHB Terry White
|
0-0: Ball 1-0: Ball 2-0: Called Strike 2-1: Foul Ball, location: 2F 2-2: Ball 3-2: Strikes out swinging
|
Batting: LHB Ryan Hensley
|
0-0: Ball 1-0: Ground out U3 (Groundball, 3S)
|
Batting: LHB José Flores
|
0-0: Called Strike 0-1: Foul Ball, location: 2F 0-2: Foul Ball, location: 2F 0-2: Foul Ball, location: 2F 0-2: Foul Ball, location: 2F 0-2: Ball 1-2: Ball 2-2: Strikes out swinging
|
Top of the 7th over - 0 run(s), 0 hit(s), 0 error(s), 0 left on base; District 9 7 - Mile High 0 |
BOTTOM OF THE 7TH |
Mile High Broncos batting - Pitching for District 9 Prawns : RHP Wilson Flores
|
Batting: RHB José Herrera
|
0-0: Called Strike 0-1: Called Strike 0-2: Foul Ball, location: 2F 0-2: Ball 1-2: Strikes out swinging
|
Batting: RHB Juan Jose Guevana
|
0-0: Ball 1-0: Swinging Strike 1-1: Swinging Strike 1-2: Strikes out swinging
|
Batting: LHB Bill Houston
|
0-0: Ball 1-0: Called Strike 1-1: Ball 2-1: Swinging Strike 2-2: Foul Ball, location: 2F 2-2: Ball 3-2: Base on Balls
|
Batting: SHB Tom Stevens
|
0-0: Called Strike 0-1: Ball 1-1: Ball Bill Houston steals 2nd base 2-1: Foul Ball, location: 2F 2-2: Foul Ball, location: 2F 2-2: Foul Ball, location: 2F 2-2: SINGLE (Line Drive, 56D) Bill Houston to third Runner from 3rd tries for Home, SAFE, no throw or cutoff
|
Batting: RHB Edward Williams
|
0-0: Ball 1-0: Ground out 5-3 (Groundball, 56)
|
Bottom of the 7th over - 1 run(s), 1 hit(s), 0 error(s), 1 left on base; District 9 7 - Mile High 1 |
TOP OF THE 8TH |
District 9 Prawns batting - Pitching for Mile High Broncos : RHP Thomas Young
|
Pitching: RHP Tony Guerrero
|
|
Batting: RHB Jonah Duncan
|
0-0: Called Strike 0-1: Ball 1-1: Ball 2-1: Ground out 1-3 (Groundball, 25)
|
Batting: LHB Brian Roy
|
0-0: Called Strike 0-1: Ball 1-1: Ball 2-1: Swinging Strike 2-2: Foul Ball, location: 2F 2-2: Strikes out swinging
|
Batting: SHB Mark Pope
|
0-0: Ball 1-0: Ball 2-0: Ball 3-0: Base on Balls
|
Batting: RHB Phil Jacobs
|
0-0: Called Strike 0-1: SINGLE (Flyball, 9LM) Mark Pope to second Runner from 2nd tries for 3rd, OUT!
|
Top of the 8th over - 0 run(s), 1 hit(s), 0 error(s), 1 left on base; District 9 7 - Mile High 1 |
BOTTOM OF THE 8TH |
Mile High Broncos batting - Pitching for District 9 Prawns : RHP Wilson Flores
|
Pitching: RHP Gerard Allen
|
|
Now at 2B: Manuel Torres
|
|
Batting: RHB Juan Gonzáles
|
0-0: Called Strike 0-1: Called Strike 0-2: Strikes out looking
|
Batting: RHB Francisco Medina
|
0-0: Called Strike 0-1: Ball 1-1: Foul Ball, location: 2F 1-2: Ball 2-2: Fly out, F8 (Flyball, 8LS)
|
Batting: LHB Doyle Otterburn
|
0-0: Called Strike 0-1: Ball 1-1: Foul Ball, location: 2F 1-2: SINGLE (Line Drive, 9S)
|
Batting: LHB Tony Báez
|
0-0: Ball 1-0: Ball 2-0: Hit by Pitch Doyle Otterburn to second
|
Batting: RHB José Herrera
|
0-0: Called Strike 0-1: Ball 1-1: Foul Ball, location: 2F 1-2: Foul Ball, location: 2F 1-2: Ball 2-2: Ball 3-2: Strikes out looking
|
Bottom of the 8th over - 0 run(s), 1 hit(s), 0 error(s), 2 left on base; District 9 7 - Mile High 1 |
TOP OF THE 9TH |
District 9 Prawns batting - Pitching for Mile High Broncos : RHP Tony Guerrero
|
Batting: RHB Enrique Aguilar
|
0-0: Ball 1-0: Foul Ball, location: 2F 1-1: Called Strike 1-2: Ball 2-2: Strikes out looking
|
Batting: RHB Alfredo Cortéz
|
0-0: Called Strike 0-1: SOLO HOME RUN (Line Drive, 8RXD), Distance : 433 ft
|
Batting: LHB Terry White
|
0-0: Ball 1-0: Ball 2-0: SOLO HOME RUN (Flyball, 9D), Distance : 381 ft
|
Batting: LHB Ryan Hensley
|
0-0: Ball 1-0: Ball 2-0: Foul Ball, location: 2F 2-1: Called Strike 2-2: Ball 3-2: Base on Balls
|
Pinch Hitting: RHB Mal Snyder
|
0-0: Called Strike 0-1: Ball 1-1: Foul Ball, location: 2F 1-2: Strikes out swinging
|
Batting: RHB Jonah Duncan
|
0-0: Swinging Strike 0-1: Called Strike 0-2: Strikes out swinging
|
Top of the 9th over - 2 run(s), 2 hit(s), 0 error(s), 1 left on base; District 9 9 - Mile High 1 |
BOTTOM OF THE 9TH |
Mile High Broncos batting - Pitching for District 9 Prawns : RHP Gerard Allen
|
Now at C: Ralph Schultz
|
|
Now in LF: Tommy Bourassa
|
|
Batting: RHB Juan Jose Guevana
|
0-0: Swinging Strike 0-1: Swinging Strike 0-2: Strikes out swinging
|
Batting: LHB Bill Houston
|
0-0: Called Strike 0-1: Ball 1-1: Foul Ball, location: 2F 1-2: Foul Ball, location: 2F 1-2: SOLO HOME RUN (Flyball, 9D), Distance : 374 ft
|
Batting: SHB Tom Stevens
|
0-0: Ball 1-0: SINGLE (Groundball, 34D)
|
Batting: RHB Edward Williams
|
0-0: Ball 1-0: Called Strike 1-1: Ball 2-1: Fly out, F6 (Line Drive, 56)
|
Batting: RHB Juan Gonzáles
|
0-0: Ball 1-0: Ball 2-0: Ball 3-0: Swinging Strike 3-1: Base on Balls Tom Stevens to second
|
Batting: RHB Francisco Medina
|
0-0: Ball 1-0: Ball 2-0: Ball 3-0: Called Strike 3-1: Base on Balls Tom Stevens to third Juan Gonzáles to second
|
Batting: LHB Doyle Otterburn
|
0-0: Ball 1-0: Ground out 4-3 (Groundball, 4)
|
Bottom of the 9th over - 1 run(s), 2 hit(s), 0 error(s), 3 left on base; District 9 9 - Mile High 2 |
|